 Dungeon Crawl Stone Soup version 0.18-a0-844-g9229740 (webtiles) character file.

333 root the Skirmisher (level 6, -1/49 HPs)
             Began as a Demonspawn Chaos Knight on Dec 19, 2015.
             Slain by a shadow (3 damage)
             ... summoned by the capriciousness of Xom
             ... on level 4 of the Dungeon.
             The game lasted 00:17:07 (3696 turns).

root the Skirmisher (Demonspawn Chaos Knight)       Turns: 3696, Time: 00:17:07

Health: -1/49      AC:  8    Str: 12    XL:     6   Next: 27%
Magic:  0/6        EV: 13    Int: 13    God:    Xom [.*....]
Gold:   233        SH:  0    Dex: 15    Spells: 0 memorised, 5 levels left

rFire  . . .     SeeInvis .     a - +0 spear (chaos)
rCold  . . .     Gourm    .     b - +2 leather armour
rNeg   . . .     Faith    .     (no shield)
rPois  .         Spirit   +     (helmet restricted)
rElec  .         Dismiss  .     r - +0 cloak (curse)
rCorr  .         Reflect  .     j - +0 pair of gloves
SustAt .         Harm     .     (no boots)
MR     .....                    (no amulet)
Stlth  +.........               (no ring)
                                (no ring)

@: not resistant to hostile enchantments, very unstealthy
A: antennae 1, molten scales 1, magic shield
a: Renounce Religion


You were on level 4 of the Dungeon.
You worshipped Xom.
You were a plaything of Xom.
You were not hungry.

You visited 1 branch of the dungeon, and saw 4 of its levels.

You collected 233 gold pieces.

Inventory:

Hand Weapons
 a - a +0 spear of chaos (weapon)
Missiles
 y - 3 tomahawks (quivered)
 C - 8 javelins
Armour
 b - a +2 leather armour (worn)
 j - a +0 pair of gloves (worn)
 r - a cursed +0 cloak (worn)
Jewellery
 f - an uncursed ring of fire
 t - an uncursed ring of wizardry
Wands
 g - a wand of random effects (27)
 m - a wand of random effects (28)
 q - a wand of slowing (24)
Scrolls
 d - 8 scrolls of identify {unknown}
 e - a scroll of remove curse {unknown}
 o - a scroll of immolation {unknown}
 p - a scroll of enchant armour {unknown}
 s - a scroll of recharging {unknown}
 w - 2 scrolls of fear {unknown}
 A - 3 scrolls of teleportation {unknown}
Potions
 h - 2 potions of lignification {unknown}
 k - a potion of haste {unknown}
 l - a potion of brilliance {unknown}
 n - a potion of mutation {unknown}
 u - a potion of resistance {unknown}
 v - 3 potions of flight {unknown}
 x - a potion of poison {unknown}
 B - a potion of might {unknown}
Comestibles
 c - 3 bread rations
 i - 5 meat rations
 z - 4 chunks of flesh


   Skills:
 + Level 4.4 Fighting
 + Level 4.3 Polearms
 + Level 2.6 Armour
 + Level 3.1 Dodging


You had 5 spell levels left.
You didn't know any spells.

Dungeon Overview and Level Annotations

Branches:
Dungeon (4/15)             Temple (0/1) D:4

Altars:
Elyvilon
Gozag
Kikubaaqudgha
Qazlal
Xom

Shops:
D:4 *

Annotations:
D:4 WhatsThis's ghost, amateur HESk


Innate Abilities, Weirdness & Mutations

You have a pair of small antennae on your head.
You are partially covered in molten scales (AC +1).
When hurt, damage is shared between your health and your magic reserves.


Message History

The shadow misses you.
The shadow strikes at you from the darkness!
* * * LOW HITPOINT WARNING * * *
Reactivating autopickup.
You hit the shadow but do no damage.
The shadow is moderately damaged.
The shadow hits you.
* * * LOW HITPOINT WARNING * * *
The shadow slips into darkness.
The shadow flickers and vanishes!
Deactivating autopickup; reactivate with Ctrl-A.
You hit the shadow.
The shadow is heavily damaged.
The shadow hits you.
The shadow strikes at you from the darkness!
Reactivating autopickup.
You hit the shadow but do no damage.
The shadow is heavily damaged.
The shadow hits you.
You die...

.# ##...###.# #≈.....≈.(.........
.# #.......># #≈.⌠.⌠.≈##.......##
'####....######≈..∩..≈...........
....####.......≈.⌠.⌠.≈####...###.
....####[######≈.....≈.....### #.
>...'....# #≈≈≈≈≈≈≈###### #.
....#..### ##?#.#### #W ....#..#
#W#.# #. #####.## #@#.# #. #.##
#W#.# #. ####.# #.#.# #. #....#
#...# #####. #.##.# #.### #.W...
#.##.# #.###########.###. #.##.#
#..........##..).. .....#
#.###.####.##..### #.###### ###
#.# #.# #.##..#


You could see 2 shadows.

Vanquished Creatures
  An ogre (D:4)
  An iguana (D:3)
  Crazy Yiuf (D:2)
  2 orc wizards (D:3)
  6 adders
  7 worms
  A giant gecko (D:1)
  6 orcs
  7 goblins
  11 hobgoblins
  A ball python (D:1)
  11 bats
  A giant cockroach (D:3)
  11 giant newts
  6 kobolds
  8 rats
81 creatures vanquished.

Notes
Turn   | Place    | Note
--------------------------------------------------------------
     0 | D:1      | root the Demonspawn Chaos Knight began the quest for the Orb.
     0 | D:1      | Reached XP level 1. HP: 18/18 MP: 1/1
    11 | D:1      | XOM: smoke on damage
   203 | D:1      | XOM: silly message
   204 | D:1      | XOM: harmless Trmt miscast
   222 | D:1      | Gained mutation: When hurt, damage is shared between your health and your magic reserves. [demonic ancestry]
   222 | D:1      | Reached XP level 2. HP: 22/24 MP: 2/2
   396 | D:1      | You fall through a shaft!
   456 | D:1      | XOM: harmless Fire miscast
   486 | D:1      | Reached skill level 1 in Dodging
   544 | D:1      | XOM: divination: detect creatures
   703 | D:1      | Reached XP level 3. HP: 29/29 MP: 3/3
   831 | D:2      | Found a stormy altar of Qazlal.
  1214 | D:2      | XOM: butterfly on damage
  1226 | D:2      | Gained mutation: You are partially covered in molten scales (AC +1). [demonic ancestry]
  1226 | D:2      | Reached XP level 4. HP: 29/36 MP: 2/4
  1306 | D:2      | Noticed Crazy Yiuf
  1309 | D:2      | XOM: smoke on damage
  1312 | D:2      | Killed Crazy Yiuf
  1379 | D:2      | Found an ancient bone altar of Kikubaaqudgha.
  1586 | D:3      | Found a white marble altar of Elyvilon.
  2058 | D:3      | Reached XP level 5. HP: 42/42 MP: 5/5
  2078 | D:3      | Reached skill level 4 in Fighting
  2400 | D:3      | XOM: butterfly on damage
  2653 | D:4      | XOM: colour smoke trail
  2885 | D:4      | Found a staircase to the Ecumenical Temple.
  2915 | D:4      | Found an opulent altar of Gozag.
  2917 | D:4      | Found Gozag's Platinum Reserve.
  2942 | D:4      | Noticed an ogre
  2950 | D:4      | Killed an ogre
  2950 | D:4      | Gained mutation: You have a pair of small antennae on your head. [demonic ancestry]
  2950 | D:4      | Reached XP level 6. HP: 34/48 MP: 3/6
  2989 | D:4      | XOM: noise
  3009 | D:4      | Noticed WhatsThis's ghost (amateur HESk)
  3035 | D:4      | XOM: divination: magic mapping
  3039 | D:4      | XOM: enchant monster (bad)
  3506 | D:4      | XOM: silly message
  3647 | D:4      | Found a shimmering altar of Xom.
  3685 | D:4      | XOM: medium Necr miscast
  3686 | D:4      | Noticed a shadow
  3686 | D:4      | Noticed a shadow
  3694 | D:4      | HP: 2/49 [shadow[the capriciousness of Xom] (5)]
  3696 | D:4      | Slain by a shadow

Vault maps used:
D:1:      mrwooster_arrival_statue_2, minmay_newt_pond
D:2:      nicolae_overflow_crystal_walls, overflow_temple_1_default,
          serial_park_tiny_2, kennysheep_generic_room_16,
          uniq_crazy_yiuf_cottage
D:3:      overflow_temple_1_default, first_bread
D:4:      nicolae_gozag_zags_fifth_avenue, xom_butterflies, temple_green

Action                   |  1- 3 |  4- 6 || total
-------------------------+-------+-------++-------
Melee: Spear             |   165 |   238 ||   403
  Use: Potion            |       |     4 ||     4
 Stab: Sleeping          |     1 |     3 ||     4
       Confused          |     1 |     1 ||     2
       Petrifying        |     1 |       ||     1
       Petrified         |     1 |       ||     1
       Paralysed         |       |     2 ||     2
  Eat: Chunk             |     1 |     8 ||     9
